| TOP OF THE 1ST |
|
Chattanooga Lookouts batting - Pitching for Montgomery Biscuits : RHP Ken Vandercook
|
|
Pitching: RHP Ken Vandercook
|
|
|
Batting: SHB Matt Urbani
|
0-0: Called Strike 0-1: Foul Ball, location: 2F 0-2: Ball 1-2: Foul Ball, location: 2F 1-2: Ball 2-2: Foul Ball, location: 2F 2-2: Ball 3-2: DOUBLE (Flyball, 8RXD, EV 95.0 MPH)
|
|
Batting: RHB John Dew
|
0-0: Ball 1-0: Ball 2-0: Foul Ball, location: 2F 2-1: Foul Ball, location: 2F 2-2: Foul Ball, location: 2F 2-2: Foul Ball, location: 2F 2-2: Strikes out swinging
|
|
Batting: LHB Marshall Daul
|
0-0: Ball Matt Urbani is caught stealing 3rd base 2-5 1-0: Called Strike 1-1: Ball 2-1: Foul Ball, location: 2F 2-2: Foul Ball, location: 2F 2-2: Foul Ball, location: 2F 2-2: SINGLE (Groundball, 4MD, EV 105.0 MPH)
|
|
Batting: RHB Leo Gonzalez
|
0-0: Ball 1-0: Foul Ball, location: 2F 1-1: Ball 2-1: Ball 3-1: Fly out, F8 (Flyball, 8RM, EV 92.5 MPH)
|
| Top of the 1st over - 0 runs, 2 hits, 0 errors, 1 left on base; Chattanooga 0 - Montgomery 0 |
| BOTTOM OF THE 1ST |
|
Montgomery Biscuits batting - Pitching for Chattanooga Lookouts : LHP Kazuo Nishihara
|
|
Pitching: LHP Kazuo Nishihara
|
|
|
Batting: RHB Chris Thorson
|
0-0: Ball 1-0: Called Strike 1-1: Called Strike 1-2: Foul Ball, location: 2F 1-2: Ball 2-2: TRIPLE (Flyball, 89D, EV 108.1 MPH)
|
|
Batting: RHB Roberto Aispuro
|
0-0: SINGLE (Line Drive, 56, EV 95.6 MPH) Chris Thorson scores
|
|
Batting: RHB James Huddleston
|
0-0: Ball 1-0: Foul Ball, location: 2F 1-1: Called Strike 1-2: Strikes out looking
|
|
Batting: LHB Eric Toney
|
0-0: Ball 1-0: Called Strike 1-1: Called Strike 1-2: Ball Roberto Aispuro is caught stealing 2nd base 2-6 2-2: Strikes out swinging
|
| Bottom of the 1st over - 1 run, 2 hits, 0 errors, 0 left on base; Chattanooga 0 - Montgomery 1 |
| TOP OF THE 2ND |
|
Chattanooga Lookouts batting - Pitching for Montgomery Biscuits : RHP Ken Vandercook
|
|
Batting: LHB Jon Ventura
|
0-0: Called Strike 0-1: Ball 1-1: Ball 2-1: Ground out 5-3 (Groundball, 56, EV 103.1 MPH)
|
|
Batting: RHB Nick Phipps
|
0-0: Swinging Strike 0-1: Ball 1-1: Foul Ball, location: 2F 1-2: Ball 2-2: Strikes out looking
|
|
Batting: RHB Graham Calvert
|
0-0: Called Strike 0-1: Ball 1-1: Foul Ball, location: 2F 1-2: Ball 2-2: Foul Ball, location: 2F 2-2: Ball 3-2: DOUBLE (Line Drive, 7LD, EV 108.1 MPH)
|
|
Batting: RHB David Nardone
|
0-0: Swinging Strike 0-1: Foul Ball, location: 2F 0-2: Ball 1-2: SINGLE (Line Drive, 56D, EV 102.5 MPH) Graham Calvert to third
|
|
Batting: RHB Jose Gracia
|
0-0: Swinging Strike 0-1: Called Strike 0-2: Foul Ball, location: 2F 0-2: Ball 1-2: Foul Ball, location: 2F 1-2: Strikes out looking
|
| Top of the 2nd over - 0 runs, 2 hits, 0 errors, 2 left on base; Chattanooga 0 - Montgomery 1 |
| BOTTOM OF THE 2ND |
|
Montgomery Biscuits batting - Pitching for Chattanooga Lookouts : LHP Kazuo Nishihara
|
|
Batting: RHB John Downing
|
0-0: Called Strike 0-1: Foul Ball, location: 2F 0-2: Ball 1-2: Strikes out swinging
|
|
Batting: LHB Danny Hull
|
0-0: Called Strike 0-1: Ball 1-1: SOLO HOME RUN (Flyball, 89XD, EV 106.9 MPH), Distance : 410 ft
|
|
Batting: SHB Julio Hernandez
|
0-0: Called Strike 0-1: Ball 1-1: Called Strike 1-2: SINGLE (Groundball, 15S, EV 73.1 MPH) (infield hit)
|
|
Batting: RHB Khalil Walker
|
0-0: Ball Julio Hernandez is caught stealing 2nd base 2-4 1-0: Ball 2-0: Foul Ball, location: 2F 2-1: SINGLE (Groundball, 6MD, EV 107.5 MPH)
|
|
Batting: LHB Angel Ruvalcaba
|
0-0: Called Strike Khalil Walker steals 2nd base 0-1: Foul Ball, location: 2F 0-2: Fly out, F8 (Line Drive, 8RM, EV 89.4 MPH)
|
| Bottom of the 2nd over - 1 run, 3 hits, 0 errors, 1 left on base; Chattanooga 0 - Montgomery 2 |
| TOP OF THE 3RD |
|
Chattanooga Lookouts batting - Pitching for Montgomery Biscuits : RHP Ken Vandercook
|
|
Batting: SHB Matt Urbani
|
0-0: Foul Ball, location: 2F 0-1: Foul Ball, location: 2F 0-2: Foul Ball, location: 2F 0-2: Strikes out looking
|
|
Batting: RHB John Dew
|
0-0: Called Strike 0-1: Foul Ball, location: 2F 0-2: Ball 1-2: Strikes out swinging
|
|
Batting: LHB Marshall Daul
|
0-0: Ball 1-0: Foul Ball, location: 2F 1-1: Called Strike 1-2: Fly out, F8 (Flyball, 78XD, EV 95.0 MPH)
|
| Top of the 3rd over - 0 runs, 0 hits, 0 errors, 0 left on base; Chattanooga 0 - Montgomery 2 |
| BOTTOM OF THE 3RD |
|
Montgomery Biscuits batting - Pitching for Chattanooga Lookouts : LHP Kazuo Nishihara
|
|
Batting: RHB Chris Thorson
|
0-0: Called Strike 0-1: Ball 1-1: Called Strike 1-2: Strikes out looking
|
|
Batting: RHB Roberto Aispuro
|
0-0: Ball 1-0: Ball 2-0: Fly out, F9 (Flyball, 89M, EV 78.8 MPH)
|
|
Batting: RHB James Huddleston
|
0-0: Ball 1-0: Ground out 5-3 (Groundball, 56, EV 84.4 MPH)
|
| Bottom of the 3rd over - 0 runs, 0 hits, 0 errors, 0 left on base; Chattanooga 0 - Montgomery 2 |
| TOP OF THE 4TH |
|
Chattanooga Lookouts batting - Pitching for Montgomery Biscuits : RHP Ken Vandercook
|
|
Batting: RHB Leo Gonzalez
|
0-0: DOUBLE (Flyball, 8RXD, EV 100.6 MPH)
|
|
Batting: LHB Jon Ventura
|
0-0: Foul Ball, location: 2F 0-1: Called Strike 0-2: Strikes out looking
|
|
Batting: RHB Nick Phipps
|
0-0: Ball 1-0: Ball 2-0: Ball 3-0: Base on Balls
|
|
Batting: RHB Graham Calvert
|
0-0: Called Strike 0-1: Ball 1-1: Ball 2-1: Grounds into double play, 4-6-3 (Groundball, 4, EV 87.5 MPH)
|
| Top of the 4th over - 0 runs, 1 hit, 0 errors, 1 left on base; Chattanooga 0 - Montgomery 2 |
| BOTTOM OF THE 4TH |
|
Montgomery Biscuits batting - Pitching for Chattanooga Lookouts : LHP Kazuo Nishihara
|
|
Batting: LHB Eric Toney
|
0-0: Called Strike 0-1: Ball 1-1: Foul Ball, location: 2F 1-2: Ball 2-2: Fly out, F7 (Line Drive, 7D, EV 100.0 MPH)
|
|
Batting: RHB John Downing
|
0-0: Ball 1-0: Swinging Strike 1-1: Ball 2-1: Foul Ball, location: 2F 2-2: Strikes out swinging
|
|
Batting: LHB Danny Hull
|
0-0: Foul Ball, location: 2F 0-1: Foul Ball, location: 2F 0-2: Ball 1-2: SINGLE (Groundball, P, EV 88.1 MPH) (infield hit)
|
|
Batting: SHB Julio Hernandez
|
0-0: Ball Danny Hull steals 2nd base 1-0: Called Strike 1-1: Foul Ball, location: 2F 1-2: Foul Ball, location: 2F 1-2: Foul Ball, location: 2F 1-2: Foul Ball, location: 2F 1-2: Ground out 5-3 (Groundball, 56, EV 88.8 MPH)
|
| Bottom of the 4th over - 0 runs, 1 hit, 0 errors, 1 left on base; Chattanooga 0 - Montgomery 2 |
| TOP OF THE 5TH |
|
Chattanooga Lookouts batting - Pitching for Montgomery Biscuits : RHP Ken Vandercook
|
|
Batting: RHB David Nardone
|
0-0: Ball 1-0: Ball 2-0: Bunt missed! 2-1: Swinging Strike 2-2: Ball 3-2: Strikes out looking
|
|
Batting: RHB Jose Gracia
|
0-0: Called Strike 0-1: Ball 1-1: Foul Ball, location: 2F 1-2: Ball 2-2: Ground out 5-3 (Groundball, 56, EV 88.8 MPH)
|
|
Batting: SHB Matt Urbani
|
0-0: Ball 1-0: Foul Ball, location: 2F 1-1: Ball 2-1: Swinging Strike 2-2: Strikes out swinging
|
| Top of the 5th over - 0 runs, 0 hits, 0 errors, 0 left on base; Chattanooga 0 - Montgomery 2 |
| BOTTOM OF THE 5TH |
|
Montgomery Biscuits batting - Pitching for Chattanooga Lookouts : LHP Kazuo Nishihara
|
|
Batting: RHB Khalil Walker
|
0-0: Called Strike 0-1: Swinging Strike 0-2: Strikes out swinging
|
|
Batting: LHB Angel Ruvalcaba
|
0-0: Called Strike 0-1: SINGLE (Groundball, 34S, EV 71.9 MPH) (infield hit)
|
|
Batting: RHB Chris Thorson
|
0-0: Called Strike Angel Ruvalcaba steals 2nd base 0-1: SINGLE (Groundball, 6, EV 101.9 MPH) Angel Ruvalcaba to third Runner from 3rd tries for Home, SAFE, throw by CF to home
|
|
Batting: RHB Roberto Aispuro
|
0-0: Ball 1-0: Called Strike Pickoff Throw to First - Out! 1-3 CS 1-1: Ball 2-1: Foul Ball, location: 2F 2-2: SINGLE (Line Drive, 78M, EV 106.2 MPH)
|
|
Batting: RHB James Huddleston
|
0-0: Ball 1-0: Ball 2-0: Called Strike 2-1: Fly out, F8 (Flyball, 78XD, EV 86.2 MPH)
|
| Bottom of the 5th over - 1 run, 3 hits, 0 errors, 1 left on base; Chattanooga 0 - Montgomery 3 |
| TOP OF THE 6TH |
|
Chattanooga Lookouts batting - Pitching for Montgomery Biscuits : RHP Ken Vandercook
|
|
Batting: RHB John Dew
|
0-0: Fly out, F7 (Flyball, 7, EV 86.9 MPH)
|
|
Batting: LHB Marshall Daul
|
0-0: Ball 1-0: Swinging Strike 1-1: Ground out U3 (Groundball, 3, EV 108.1 MPH)
|
|
Batting: RHB Leo Gonzalez
|
0-0: Foul Ball, location: 2F 0-1: Called Strike 0-2: Ground out 6-3 (Groundball, 6, EV 91.2 MPH)
|
| Top of the 6th over - 0 runs, 0 hits, 0 errors, 0 left on base; Chattanooga 0 - Montgomery 3 |
| BOTTOM OF THE 6TH |
|
Montgomery Biscuits batting - Pitching for Chattanooga Lookouts : LHP Kazuo Nishihara
|
|
Batting: LHB Eric Toney
|
0-0: Called Strike 0-1: Ball 1-1: Ground out 3-1 (Groundball, 34, EV 102.5 MPH)
|
|
Batting: RHB John Downing
|
0-0: Called Strike 0-1: SINGLE (Groundball, 56, EV 106.2 MPH) (infield hit)
|
|
Batting: LHB Danny Hull
|
0-0: Ball 1-0: Ball 2-0: Called Strike 2-1: Called Strike 2-2: Foul Ball, location: 2F 2-2: Foul Ball, location: 2F 2-2: Foul Ball, location: 2F 2-2: Strikes out swinging
|
|
Batting: SHB Julio Hernandez
|
0-0: Ball 1-0: Foul Ball, location: 2F 1-1: Ball 2-1: Fly out, F9 (Flyball, 9LD, EV 105.0 MPH)
|
| Bottom of the 6th over - 0 runs, 1 hit, 0 errors, 1 left on base; Chattanooga 0 - Montgomery 3 |
| TOP OF THE 7TH |
|
Chattanooga Lookouts batting - Pitching for Montgomery Biscuits : RHP Ken Vandercook
|
|
Pitching: LHP Chris Polite
|
|
|
Batting: LHB Jon Ventura
|
0-0: Ground out 4-3 (Groundball, 34D, EV 90.6 MPH)
|
|
Batting: RHB Nick Phipps
|
0-0: Fly out, F7 (Flyball, 7D, EV 95.6 MPH)
|
|
Batting: RHB Graham Calvert
|
0-0: Swinging Strike 0-1: SINGLE (Groundball, 6MD, EV 98.8 MPH)
|
|
Batting: RHB David Nardone
|
0-0: Called Strike 0-1: Ground out 3-1 (Groundball, 34, EV 103.8 MPH)
|
| Top of the 7th over - 0 runs, 1 hit, 0 errors, 1 left on base; Chattanooga 0 - Montgomery 3 |
| BOTTOM OF THE 7TH |
|
Montgomery Biscuits batting - Pitching for Chattanooga Lookouts : LHP Kazuo Nishihara
|
|
Batting: RHB Khalil Walker
|
0-0: Fly out, F4 (Line Drive, 4, EV 69.4 MPH)
|
|
Batting: LHB Angel Ruvalcaba
|
0-0: Called Strike 0-1: Foul Ball, location: 2F 0-2: Strikes out swinging
|
|
Batting: RHB Chris Thorson
|
0-0: Ground out 6-3 (Groundball, 6, EV 98.8 MPH)
|
| Bottom of the 7th over - 0 runs, 0 hits, 0 errors, 0 left on base; Chattanooga 0 - Montgomery 3 |
| TOP OF THE 8TH |
|
Chattanooga Lookouts batting - Pitching for Montgomery Biscuits : LHP Chris Polite
|
|
Batting: RHB Jose Gracia
|
0-0: Ball 1-0: Ground out 4-3 (Groundball, 4, EV 86.2 MPH)
|
|
Batting: SHB Matt Urbani
|
0-0: Called Strike 0-1: Ball 1-1: Called Strike 1-2: Ball 2-2: Ball 3-2: Ground out 6-3 (Groundball, 6, EV 102.5 MPH)
|
|
Batting: RHB John Dew
|
0-0: Foul Ball, location: 2F 0-1: Swinging Strike 0-2: Strikes out looking
|
| Top of the 8th over - 0 runs, 0 hits, 0 errors, 0 left on base; Chattanooga 0 - Montgomery 3 |
| BOTTOM OF THE 8TH |
|
Montgomery Biscuits batting - Pitching for Chattanooga Lookouts : LHP Kazuo Nishihara
|
|
Pitching: RHP Tom Aagaard
|
|
|
Batting: RHB Roberto Aispuro
|
0-0: Called Strike 0-1: Swinging Strike 0-2: Ball 1-2: Ball 2-2: Ball 3-2: Foul Ball, location: 2F 3-2: Strikes out swinging, 2-3 out at first.
|
|
Batting: RHB James Huddleston
|
0-0: Ball 1-0: Ball 2-0: Swinging Strike 2-1: Ball 3-1: Called Strike 3-2: Base on Balls
|
|
Batting: LHB Eric Toney
|
0-0: Ball 1-0: Ball 2-0: Ball 3-0: Base on Balls James Huddleston to second
|
|
Batting: RHB John Downing
|
0-0: Ball 1-0: Ball 2-0: Ball 3-0: Base on Balls James Huddleston to third Eric Toney to second
|
|
Pitching: LHP John Pedlar
|
|
|
Batting: LHB Danny Hull
|
0-0: Ball 1-0: Foul Ball, location: 2F 1-1: Swinging Strike 1-2: Ball Wild Pitch! James Huddleston scores Eric Toney to third John Downing to second 2-2: Fly out, F8 (Line Drive, 8RD, EV 85.6 MPH) Runner from 3rd tags up, SCORES, throw by CF
|
|
Batting: SHB Julio Hernandez
|
0-0: Called Strike 0-1: Swinging Strike 0-2: Ground out 1-3 (Groundball, 13, EV 63.8 MPH)
|
| Bottom of the 8th over - 2 runs, 0 hits, 0 errors, 1 left on base; Chattanooga 0 - Montgomery 5 |
| TOP OF THE 9TH |
|
Chattanooga Lookouts batting - Pitching for Montgomery Biscuits : LHP Chris Polite
|
|
Batting: LHB Marshall Daul
|
0-0: Ball 1-0: SINGLE (Flyball, 8RS, EV 101.9 MPH)
|
|
Batting: RHB Leo Gonzalez
|
0-0: Ball 1-0: Ball Wild Pitch! Marshall Daul to second 2-0: Ball 3-0: Called Strike 3-1: Foul Ball, location: 2F 3-2: Strikes out looking
|
|
Batting: LHB Jon Ventura
|
0-0: Called Strike 0-1: Swinging Strike 0-2: Ball 1-2: Fly out, F8 (Flyball, 8RXD, EV 99.4 MPH) Runner from 2nd tags up, SAFE at 3rd, no throw by CF
|
|
Batting: RHB Nick Phipps
|
0-0: Ball 1-0: Ball 2-0: Called Strike 2-1: Fly out, F9 (Flyball, 89M, EV 89.4 MPH)
|
| Top of the 9th over - 0 runs, 1 hit, 0 errors, 1 left on base; Chattanooga 0 - Montgomery 5 |
|